Unix NetHack Version 5.0.0-0 post-release - last build May 31 2026 23:59:36 (970b52f25bf058293b47ddfd14a1e40e571c508c,branch:main).

Game began 2026-06-04 20:30:35, ended 2026-06-05 01:02:26.

DaveT, lawful male human Priest

                                  -------
                                  |......#
                                 #-.>...|#                      --------------
                                 #|.....|#    ##############    |............|
                    ---------    #|.....|#      -----------# ###.............|
                    |.......|    #-------#      |.........|# #  |............|
                    -........#####       #     #.....)..<..#####.............|
                    |..{....|    #       #     #|.........|  #  --------------
                    -------|-    #       #     #-------.---  #
                           #     #      ##     ##      #     #
                           #     #      #       ##     #     #
                          ##    ##     ##        #    -.--- ##
                         #@E######N######        #    |...|#^
                          #    #       #---------#    |...|#
                       ---.---##       %|.......|#    |...|#
                       |....`|#        #)......[-#    |....)
                       |...%.|#         |.......|     -----
                       |...%..#         |)......|
                       -------          -|-------
                                         ^
DaveT the Priest             St:25 Dx:15 Co:18 In:11 Wi:18 Ch:13  Lawful
Dlvl:22 $:0  HP:0(75) Pw:139(139) AC:-23 Xp:12 T:28121  Satiated Burdened

Latest messages:
 The gray unicorn misses!
 The gray unicorn misses!
 The gray unicorn butts!
 The gray unicorn misses!
 You kill the gray unicorn!
 There are several objects here.
 A vulgar polearm misses you.
 You have a little trouble lifting $ - 356 gold pieces.
 h - a maple wand.
 A vulgar polearm misses you.
 What do you want to use or apply? [chlmstxzCFIOPRU or ?*] s
 You put 356 gold pieces into the bag of holding.
 What do you want to write with? [- acdghkltuxAPST or ?*] -
 You write in the dust with your fingertip.
 What do you want to write in the dust here? foo
 The invisible Olog-hai picks up a unicorn horn.
 What do you want to write with? [- acdghkltuxAPST or ?*] s
 Do you want to add to the current engraving? [ynq] (y) y
 You add to the writing in the dust with a bag of holding containing 51 items.
 What do you want to add to the writing in the dust here? 
 Never mind.
 What do you want to write with? [- acdghkltuxAPST or ?*] h
 The engraving now reads: "Eve  wondercd vhy one wou|d want to dip someth?nc ?n a ?ot?or?".
 What do you want to call? [dhsPSU or ?*] h
 Call a maple wand: polymorph
 You hit the invisible Olog-hai.
 The invisible Olog-hai hits!
 The invisible Olog-hai hits!
 The invisible Olog-hai bites!
 The invisible Olog-hai misses!
 The invisible Olog-hai misses!
 The invisible Olog-hai misses!
 You hit the invisible Olog-hai.
 The invisible Olog-hai hits!
 The invisible Olog-hai hits!
 The invisible Olog-hai bites!
 You hit the invisible Olog-hai.
 You hear an Olog-hai reading a scroll of teleportation.
 You hit the fire elemental!
 You are suddenly very hot!
 The fire elemental misses!
 You hit the fire elemental!
 You are suddenly very hot!
 You die...
 Do you want your possessions identified? [ynq] (y) y
 Do you want to see your attributes? [ynq] (y) y
 Do you want an account of creatures vanquished? [ynaq] (y) y
 Do you want a list of species genocided? [ynaq] (y) y
 Do you want to see your conduct and achievements? [ynq] (y) y
 Do you want to see the dungeon overview? [ynq] (y) y

Inventory:
 Amulets  ('"')
  X - an amulet of ESP (being worn)
 Weapons  (')')
  k - a +0 aklys
  a - a blessed rustproof +5 mace (weapon in right hand)
 Armor    ('[')
  v - a blessed rusty +2 orcish helm (being worn)
  B - a blessed rustproof +2 pair of gauntlets of power (being worn)
  G - a +0 pair of water walking boots (being worn)
  r - a blessed +3 shield of reflection (being worn)
  b - a blessed thoroughly burnt rotted +2 robe (being worn)
  o - a blessed rotproof +3 gray dragon scale mail (being worn)
 Comestibles  ('%')
  M - 2 carrots
  e - a clove of garlic
  q - 3 food rations
  f - a sprig of wolfsbane
  W - 5 lizard corpses
 Potions  ('!')
  y - a potion of extra healing
 Rings    ('=')
  T - a ring of free action
  g - a blessed +2 ring of increase damage
  u - a ring of poison resistance
  S - a ring of searching
  A - a ring of slow digestion
  d - a ring of teleport control (on left hand)
 Wands    ('/')
  P - a wand of cancellation (0:2)
  c - a wand of cold (0:3)
  x - a wand of digging (0:7)
  h - a wand of polymorph (0:5)
  t - a wand of probing (0:5)
  l - a wand of teleportation (0:7)
 Tools    ('(')
  s - a bag of holding containing 51 items
  U - an empty bag of holding
  C - a blindfold
  z - a blessed oil lamp
  F - a pair of lenses
  O - a +0 pick-axe
  I - a skeleton key
  m - a stethoscope
  R - a blessed +0 unicorn horn

Contents of the bag of holding:
  3290 gold pieces
  22 +0 darts
  a blessed +1 dagger
  10 +0 daggers
  the +1 Demonbane
  a +0 mace
  a +0 pair of gauntlets of dexterity
  a +0 mummy wrapping
  a C-ration
  16 food rations
  5 lizard corpses
  a scroll of amnesia
  6 scrolls of blank paper
  a cursed scroll of blank paper
  a scroll of create monster
  a blessed scroll of earth
  2 scrolls of earth
  a scroll of enchant weapon
  a cursed scroll of food detection
  a scroll of gold detection
  a cursed scroll of identify
  a blessed scroll of magic mapping
  2 scrolls of remove curse
  a scroll of scare monster
  4 scrolls of teleportation
  a potion of acid
  a potion of booze
  a cursed potion of confusion
  a potion of gain energy
  7 potions of healing
  a potion of monster detection
  a cursed potion of oil
  9 potions of holy water
  2 potions of water
  a ring of fire resistance
  a ring of teleportation
  a wand of cold (0:7)
  a wand of digging (0:6)
  a wand of magic missile (0:5)
  a wand of magic missile (0:4)
  a wand of opening (0:8)
  a wand of opening (0:4)
  a wand of teleportation (0:4)
  a leather drum
  a can of grease (0:17)
  a blessed oil lamp
  an oil lamp
  an oil lamp
  a skeleton key
  a blessed partly used tallow candle
  a partly used tallow candle

DaveT the Priest's attributes:

Background:
 You were a Priest, level 12 human.
 You were lawful, on a mission for Ptah
 who was opposed by Thoth (neutral) and Anhur (chaotic).
 You were right-handed.
 You were in the Dungeons of Doom, on level 22.
 You entered the dungeon 28121 turns ago.
 It was nighttime.
 You had 39932 experience points, 68 more were needed to attain level 13.

Basics:
 You had 0 out of 75 hit points.
 You had all 139 energy points (spell power).
 Your armor class was -23.
 Your wallet was empty, but
 you had 3290 zorkmids stashed away in your pack.
 Autopickup was off.

Final Characteristics:
 Your strength was 25 (base:15, peak:18/01, innate limit:18/100).
 Your dexterity was 15 (peak:16, limit:18).
 Your constitution was 18 (limit:18).
 Your intelligence was 11 (limit:18).
 Your wisdom was 18 (limit:18).
 Your charisma was 13 (limit:18).

Final Status:
 You were satiated.
 You were burdened; movement was slightly slowed.
 You were wielding a mace.
 You had expert skill with mace.

Final Attributes:
 You were piously aligned.
 You were magic-protected.
 You were cold resistant.
 You were sleep resistant.
 You were shock resistant.
 You were telepathic.
 You had teleport control.
 You could walk on water.
 You had a moderate defense bonus (+8).
 You were guarded.
 Your spell casting was enhanced by wearing a robe.
 You had reflection.
 You are dead.

Miscellaneous:
 You didn't encounter any bones levels.
 Total elapsed playing time was 3 hours, 51 minutes and 10 seconds.

Major events:
 Turn
    1: DaveT the lawful human Priest entered the dungeon
  799: entered the Gnomish Mines
  802: attained the rank of Acolyte (level 3)
 2842: attained the rank of Adept (level 6)
 3380: reached Mine Town
 3584: made his first wish - "blessed rustproof +3 gauntlets of power", got "a blessed pair of padded gloves"
 5099: wished for "blessed rustproof +3 gray dragon scale mail", got "a blessed gray dragon scale mail"
 6943: entered the Bigroom
 7089: entered Sokoban
 7396: completed 1st Sokoban level
 8509: completed 2nd Sokoban level
 8969: completed 3rd Sokoban level
 9843: completed 4th Sokoban level
 9937: attained the rank of Priest (level 10)
 9984: acquired the Sokoban bag of holding
11237: was bestowed with Demonbane by Ptah
16406: entered Home 1, the Quest
18030: wished for "blessed fireproof +2 pair of speed boots", got "a blessed pair of jungle boots"
21729: performed his first genocide (class L)
24717: was bestowed with Sunsword by Ptah
28121: killed by a fire elemental

Spells:
 Name                 Level Category     Fail Retention
 light                  1   clerical      76%    (gone)
 cure blindness         2   healing       74%    (gone)
 healing                1   healing       71%    (gone)
 detect unseen          3   divination    98%    (gone)
 force bolt             1   attack        76%    (gone)
 sleep                  3   enchantment   98%    (gone)
 wizard lock            2   matter        79%    (gone)
 cure sickness          3   healing       96%    (gone)
 chain lightning        2   attack        79%   26%-50%
 cancellation           7   matter       100%   51%-75%
 magic missile          2   attack        79%   51%-75%
 teleport away          6   escape       100%   51%-75%
 identify               3   divination    98%  76%-100%

Skills:
 Fighting Skills
   bare handed combat [Unskilled]
 Weapon Skills
   long sword         [Unskilled]
   club               [Unskilled]
   mace               [Expert]
   morning star       [Unskilled]
   flail              [Unskilled]
   hammer             [Unskilled]
   quarterstaff       [Unskilled]
   polearms           [Unskilled]
   spear              [Unskilled]
   trident            [Unskilled]
   lance              [Unskilled]
   bow                [Unskilled]
   sling              [Unskilled]
   crossbow           [Unskilled]
   dart               [Unskilled]
   shuriken           [Unskilled]
   boomerang          [Unskilled]
   unicorn horn       [Unskilled]
 Spellcasting Skills
   healing spells     [Unskilled]
   divination spells  [Unskilled]
   clerical spells    [Basic]

Voluntary challenges:
 Character rerolling was not enabled.
 You genocided 4 types of monsters.
 You never polymorphed an object.
 You never changed form.
 You used 3 wishes.
 You did not wish for any artifacts.
 You violated the special Sokoban rules once.
Achievements:
 You entered the Gnomish Mines.
 You attained the rank of Acolyte.
 You entered a shop.
 You attained the rank of Adept.
 You entered Minetown.
 You entered a temple.
 You entered the Big Room.
 You entered Sokoban.
 You attained the rank of Priest.
 You completed Sokoban.

 The Dungeons of Doom: levels 1 to 24
    Level 1:
       An altar to Ptah, a fountain.
    Level 2:
       Stairs down to The Gnomish Mines.
    Level 3:
    Level 4: "empty vault"
       A tool shop, some fountains.
    Level 5:
       A fountain.
    Level 6:
       A fountain, a grave.
    Level 7:
       Many shops.
    Level 8:
       Many fountains.
       Oracle of Delphi.
    Level 9:
       Stairs up to Sokoban, level 8.
    Level 10:
       A very big room.
    Level 11:
       A temple and an altar to Ptah.
    Level 12:
       An altar to Ptah, a fountain.
    Level 13: "empty vault"
    Level 14:
       A fountain.
    Level 15:
       A fountain.
       Summoned by the Arch Priest.
       Portal to The Quest.
    Level 16:
       A fountain.
    Level 17:
       An altar to Ptah, some fountains, a grave.
    Level 18:
       A primitive area.
    Level 19:
       A general store.
    Level 20:
       Some fountains, many trees.
    Level 21: "vault"
       A general store.
    Level 22: <- You were here.
       A fountain.
       Final resting place for
          you, killed by a fire elemental.
    Level 23:
       A fountain.
    Level 24:
 The Gnomish Mines: levels 3 to 7
    Level 3:
    Level 4:
    Level 5:
    Level 6:
       Many shops, a temple and an altar, some fountains.
    Level 7:
 The Quest:
    Level 1:
       A temple and an altar, many trees.
       Home.
 Sokoban: levels 8 up to 5
    Level 5:
       Solved.
    Level 6:
       Solved.
    Level 7:
       Solved.
    Level 8:
       Solved.


Vanquished creatures:
  a stone golem
  a Nazgul
  a lich
  3 nurses
  a lurker above
 an ettin
  4 black puddings
  2 lieutenants
  2 ghosts
  a queen bee
  a winged gargoyle
  6 giant mimics
  a long worm
  3 zruties
  a fire giant
  3 ogre tyrants
  3 ice trolls
  2 umber hulks
  5 large mimics
  2 wumpuses
  a baby purple worm
  4 stalkers
  4 air elementals
  2 earth elementals
  5 hill giants
  a giant mummy
  2 xorns
  2 giant zombies
  3 elf-nobles
  2 wargs
  4 winter wolves
  8 small mimics
  a glass piercer
  3 warhorses
  7 xans
 an ettin mummy
  5 ogre leaders
  5 quantum mechanics
  6 trolls
  a sasquatch
  a gelatinous cube
  a pyrolisk
  a large dog
  3 freezing spheres
  a flaming sphere
  a shocking sphere
  2 large cats
  6 tigers
  2 dwarf rulers
  a tengu
  3 ochre jellies
  6 leocrottas
  2 energy vortices
  a mountain centaur
  2 stone giants
 an elf mummy
  a human mummy
  a red naga
  3 pit vipers
  a cobra
  7 wraiths
  2 carnivorous apes
  5 ettin zombies
  a leather golem
  5 Grey-elves
  2 soldiers
 an amorous demon
  2 chameleons
  a crocodile
  2 giant beetles
  a quivering blob
  7 cockatrices
 13 wolves
  2 winter wolf cubs
  3 gremlins
  5 spotted jellies
 29 leprechauns
 an orc-captain
  6 iron piercers
  a mumak
  3 scorpions
  3 horses
 an ice vortex
  3 vampire bats
  2 forest centaurs
  5 gnome rulers
 an orc mummy
  a dwarf mummy
  3 ogres
  4 brown puddings
  6 rust monsters
  2 owlbears
  4 yetis
  2 gold golems
  a werewolf
  8 Green-elves
 13 lizards
  3 chickatrices
  3 dingoes
  2 housecats
  2 jaguars
  2 blue jellies
  a gray unicorn
  4 black unicorns
  5 dust vortices
  4 ravens
  a plains centaur
  2 gnome mummies
  5 snakes
 14 apes
 20 human zombies
  8 Woodland-elves
  8 soldier ants
 12 bugbears
  3 imps
  3 quasits
  3 wood nymphs
  4 water nymphs
  3 mountain nymphs
 14 Mordor orcs
  2 orc shamans
  3 rock piercers
  4 rock moles
  4 ponies
  4 fog clouds
 11 yellow lights
  a shrieker
  4 violet fungi
  9 gnome leaders
  4 gnomish wizards
  4 gray oozes
  3 barrow wights
 an elf zombie
  2 ghouls
  3 straw golems
  2 paper golems
  7 giant ants
  4 little dogs
  7 floating eyes
  a kitten
  5 dwarves
  3 homunculi
  5 kobold leaders
  a kobold shaman
  6 hill orcs
 20 rothes
  2 rabid rats
  3 giant bats
  a monkey
  4 orc zombies
  7 dwarf zombies
  2 wererats
 11 iguanas
 29 killer bees
  5 acid blobs
  7 coyotes
  4 gas spores
 15 manes
  5 large kobolds
 11 hobgoblins
 19 giant rats
  6 cave spiders
  3 brown molds
  2 yellow molds
  2 green molds
  2 red molds
 42 gnomes
  5 garter snakes
  6 gnome zombies
 12 geckos
 10 jackals
  a fox
  4 kobolds
  5 goblins
  3 sewer rats
  4 grid bugs
 11 lichens
  4 kobold zombies
 11 newts
813 creatures vanquished.

Genocided species:
 arch-liches
 master liches
 demiliches
 liches
4 species genocided.

Game over:
                       ----------
                      /          \
                     /    REST    \
                    /      IN      \
                   /     PEACE      \
                  /                  \
                  |      DaveT       |
                  |     3290 Au      |
                  | killed by a fire |
                  |    elemental     |
                  |                  |
                  |                  |
                  |       2026       |
                 *|     *  *  *      | *
        _________)/\\_//(\/(/\)/\//\/|_)_______

Goodbye DaveT the Priest...

You died in The Dungeons of Doom on dungeon level 22 with 162689 points,
and 3290 pieces of gold, after 28121 moves.
You were level 12 with a maximum of 75 hit points when you died.

